 Dungeon Crawl Stone Soup version 0.21-a0-142-gdd972a7 (webtiles) character file.

7405 FrankyJ the Thaumaturge (level 11, -3/54 HPs)
             Began as a Tengu Air Elementalist on July 21, 2017.
             Was a Priest of Sif Muna.
             Slain by a yak (14 damage)
             ... on level 1 of the Lair of Beasts on July 22, 2017.
             The game lasted 00:43:48 (17634 turns).

FrankyJ the Thaumaturge (Tengu Air Elementalist)   Turns: 17634, Time: 00:43:49

Health: -3/54      AC:  4    Str:  8    XL:     11   Next: 14%
Magic:  4/28       EV: 16    Int: 19    God:    Sif Muna [***...]
Gold:   539        SH:  5    Dex: 15    Spells: 7/34 levels left

rFire    . . .     SeeInvis .   x - +5 dagger (venom)
rCold    . . .     Gourm    .   s - +0 buckler
rNeg     . . .     Faith    .   a - +0 robe
rPois    .         Spirit   .   (helmet restricted)
rElec    .         Reflect  .   o - +0 cloak
rCorr    .         Harm     .   w - +0 pair of gloves
MR       .....                  (boots unavailable)
Stlth    +++.......             J - amulet of rage
HPRegen  0.18/turn              (no ring)
MPRegen  0.21/turn              (no ring)

@: about to teleport
A: beak, talons 3, able to fly 1
a: Fly, Divine Energy, Channel Magic, Renounce Religion, Evoke Berserk Rage


You were on level 1 of the Lair of Beasts.
You worshipped Sif Muna.
Sif Muna was most pleased with you.
You were hungry.

You visited 3 branches of the dungeon, and saw 11 of its levels.

You collected 539 gold pieces.

Inventory:

Hand Weapons
 h - a +1 long sword of protection
 x - a +5 dagger of venom (weapon)
 M - a +0 blowgun
Missiles
 f - 53 poisoned needles
 i - 25 tomahawks (quivered)
 n - 11 javelins
Armour
 a - a +0 robe (worn)
 o - a +0 cloak (worn)
 q - a +0 leather armour
 s - a +0 buckler (worn)
 w - a +0 pair of gloves (worn)
Magical Staves
 L - an uncursed staff of fire
Jewellery
 J - an amulet of rage (around neck)
Wands
 g - a wand of flame (39/48)
 l - a wand of paralysis (11/24)
 v - a wand of random effects (26/48)
 E - a wand of acid (15/15)
Scrolls
 d - a scroll of acquirement {unknown}
 e - 7 scrolls of teleportation
 m - 5 scrolls of remove curse
 p - a scroll of random uselessness {unknown}
 r - 4 scrolls of amnesia
 t - 2 scrolls of enchant weapon
 z - a scroll of fear
 D - a scroll of magic mapping
 H - 3 scrolls of identify
Potions
 k - a potion of heal wounds
 A - 2 potions of lignification {unknown}
 F - a potion of resistance {unknown}
 G - a potion of flight {unknown}
 K - a potion of magic {unknown}
Books
 b - a book of Air

   Spells                             Type                      Level
   a - Shock                          Conjuration/Air              1
   b - Swiftness                      Charms/Air                   2
   c - Static Discharge               Conjuration/Air              3
   d - Airstrike                      Air                          4
   e - Lightning Bolt                 Conjuration/Air              5
 j - a book of Minor Magic

   Spells                             Type                      Level
   a - Magic Dart                     Conjuration                  1
   b - Blink                          Translocation                2
   c - Call Imp                       Summoning                    2
   d - Slow                           Hexes                        2
   e - Conjure Flame                  Conjuration/Fire             3
   f - Mephitic Cloud                 Conjuration/Poison/Air       3
 y - a book of Conjurations

   Spells                             Type                      Level
   a - Magic Dart                     Conjuration                  1
   b - Searing Ray                    Conjuration                  2
   c - Dazzling Spray                 Conjuration/Hexes            3
   d - Fulminant Prism                Conjuration/Hexes            4
   e - Force Lance                    Conjuration/Translocation    4
   f - Iskenderun's Mystic Blast      Conjuration                  4
 C - a book of Maledictions

   Spells                             Type                      Level
   a - Corona                         Hexes                        1
   b - Ensorcelled Hibernation        Hexes/Ice                    2
   c - Confuse                        Hexes                        3
   d - Tukima's Dance                 Hexes                        3
   e - Dazzling Spray                 Conjuration/Hexes            3
Comestibles
 c - 11 bread rations
 B - 3 royal jellies
 I - a meat ration


   Skills:
 + Level 6.7 Dodging
 - Level 4.0 Stealth
 - Level 5.3 Shields
 - Level 12.1 Spellcasting
 - Level 3.0 Conjurations
 - Level 1.1 Hexes
 - Level 1.0 Summonings
 - Level 2.3 Translocations
 - Level 6.0 Air Magic
 - Level 1.0 Poison Magic


You had 7 spell levels left.
You knew the following spells:

 Your Spells              Type           Power        Failure   Level  Hunger
a - Shock                 Conj/Air       ####         1%          1    None
b - Airstrike             Air            ####......   4%          4    #......
c - Mephitic Cloud        Conj/Pois/Air  ###.....     4%          3    None
d - Blink                 Tloc           N/A          3%          2    None
e - Call Imp              Summ           ###.....     6%          2    None
f - Searing Ray           Conj           ###...       2%          2    None
g - Fulminant Prism       Conj/Hex       ###.......   26%         4    #......
h - Lightning Bolt        Conj/Air       ####......   26%         5    ####...
i - Force Lance           Conj/Tloc      ###.....     21%         4    #......


Dungeon Overview and Level Annotations

Branches:
Dungeon (9/15)             Temple (1/1) D:6            Lair (1/6) D:9
    Orc: D:9-12

Altars:
Ashenzari
Cheibriados
Dithmenos
Elyvilon
Fedhas
Kikubaaqudgha
Makhleb
Nemelex Xobeh
Okawaru
Ru
Sif Muna
Trog
Uskayaw
Vehumet
Wu Jian
Xom
Yredelemnul
Zin
The Shining One

Shops:
D:7 }

Annotations:
D:9 Joseph
Lair:1 Nergalle


Innate Abilities, Weirdness & Mutations

You have a beak for a mouth.
You have claws for feet.
You can fly.


Message History

Press: ? - help, Dir - move target cursor, f/p - yak
Aim: a yak (moderately wounded, poisoned)
The air twists around and strikes the yak!
The yak is heavily wounded.
The yak closely misses you. The spiny frog stings you!
* * * LOW HITPOINT WARNING * * *
The yak barely misses you.
You feel much better. You block the yak's attack.
The spiny frog completely misses you. The yak gores you.
Casting: Airstrike
Confirm with . or Enter, or press ? or * to list all spells.
Aiming: Airstrike
Press: ? - help, Dir - move target cursor, f/p - yak
Aim: a yak (heavily wounded, poisoned)
The air twists around and strikes the yak!
The yak is severely wounded.
The spiny frog stings you!!
* * * LOW HITPOINT WARNING * * *
The yak gores you!
You die...

...#.....#.....P.P#..##.........P
#.#....♣.........##.##...........
##.#...#.....#.##...#.#..#.##.#
#.#....F#........... #.#######
####......#....P...... #.
.....##.#.#Y.........# #.#
###.#.....##.####....# #[#
♣.##.#.#%. #..♣F##...# #.## ##
...#...... #...Y@#.>.# #..#####.
>..+...♣ +..>Y♣# ### #........
........ .#.....# #........
♣.##.#.###.##.♣.#########........
#####.......##♣♣#................
....##...##.... ..........#####.#
...........# # ###.###.....# ##.
#.##.#...#.# #....## ##
#.#..#.....# ##....## #


You could see 2 yaks and a spiny frog.

Vanquished Creatures
  Erica (D:9)
  A two-headed ogre (D:9)
  A black mamba (Lair:1)
  A spiny frog (Lair:1)
  A komodo dragon (Lair:1)
  A troll (D:9)
  Prince Ribbit (D:8)
  A hippogriff (D:9)
  4 yaks
  A water moccasin (Lair:1)
  2 orc warriors (D:5)
  2 porcupines (Lair:1)
  2 sky beasts (D:7)
  2 ogres
  3 centaurs
  A crocodile (Lair:1)
  A big kobold (D:8)
  11 bullfrogs
  A water moccasin zombie (D:9)
  2 scorpions
  6 wights
  5 howler monkeys
  2 crimson imps
  4 jellies
  2 centaur zombies
  2 orc priests
  7 hounds
  3 bullfrog skeletons (D:6)
  8 orc wizards
  A gnoll shaman (D:5)
  Terence (D:2)
  Natasha (twice) (D:2)
  5 worker ants
  2 hound zombies
  A hound skeleton (D:7)
  22 gnolls
  11 adders
  3 shadow imps
  An adder skeleton (D:6)
  An adder zombie (D:5)
  4 worms
  3 dart slugs
  5 leopard geckos
  37 orcs
  A ball python (D:5)
  4 bats
  3 giant cockroaches
  10 goblins
  8 hobgoblins
  An iguana (D:2)
  12 jackals
  6 quokkas
  12 kobolds
  3 leopard gecko skeletons
  A quokka skeleton (D:7)
  7 rats
246 creatures vanquished.

Vanquished Creatures (others)
  A fulminant prism (D:8)
  3 fungi (Lair:1)
4 creatures vanquished.

Grand Total: 250 creatures vanquished

Notes
Turn   | Place    | Note
-------+----------+-------------------------------------------
     0 | D:1      | FrankyJ the Tengu Air Elementalist began the quest for the Orb.
     0 | D:1      | Reached XP level 1. HP: 10/10 MP: 4/4
   322 | D:1      | Reached XP level 2. HP: 11/15 MP: 0/6
  1089 | D:1      | Reached XP level 3. HP: 19/19 MP: 7/7
  1453 | D:2      | Found a shimmering altar of Xom.
  1569 | D:2      | Reached XP level 4. HP: 11/24 MP: 3/9
  1742 | D:2      | Reached skill level 3 in Spellcasting
  1857 | D:2      | Learned a level 4 spell: Airstrike
  1888 | D:2      | Gained mutation: You can fly. [Tengu growth]
  1888 | D:2      | Reached XP level 5. HP: 28/28 MP: 7/11
  1919 | D:2      | Noticed Natasha
  1927 | D:2      | Killed Natasha
  2067 | D:2      | Reached skill level 4 in Spellcasting
  2121 | D:2      | Learned a level 3 spell: Mephitic Cloud
  2124 | D:2      | Learned a level 2 spell: Blink
  2127 | D:2      | Learned a level 2 spell: Call Imp
  2283 | D:2      | Noticed Terence
  2313 | D:2      | Killed Terence
  2516 | D:2      | Noticed Natasha
  2523 | D:2      | Killed Natasha
  2523 | D:2      | Reached skill level 5 in Air Magic
  2938 | D:3      | Reached XP level 6. HP: 32/32 MP: 13/13
  4288 | D:5      | Entered Level 5 of the Dungeon
  5073 | D:4      | Reached skill level 5 in Spellcasting
  5976 | D:5      | Reached XP level 7. HP: 30/36 MP: 5/15
  6893 | D:5      | Reached skill level 5 in Dodging
  8350 | D:5      | Reached XP level 8. HP: 11/41 MP: 8/17
  8581 | D:5      | Reached skill level 6 in Spellcasting
  8869 | D:5      | Found a shadowy altar of Dithmenos.
  8871 | D:5      | Found a shattered altar of Ashenzari.
  9838 | D:5      | Reached skill level 7 in Spellcasting
 10771 | D:6      | Reached skill level 8 in Spellcasting
 11167 | D:6      | Reached XP level 9. HP: 45/45 MP: 5/22
 11527 | D:6      | Found a staircase to the Ecumenical Temple.
 11536 | Temple   | Entered the Ecumenical Temple
 11611 | Temple   | Upgraded the game from 0.21-a0-140-g479285b to 0.21-a0-142-gdd972a7
 11652 | Temple   | Became a worshipper of Sif Muna the Loreminder
 12145 | D:7      | Reached * piety under Sif Muna
 12145 | D:7      | Reached skill level 9 in Spellcasting
 12416 | D:7      | Found a hide-covered altar of Uskayaw.
 12454 | D:7      | Found Megirhu's Gadget Emporium.
 13125 | D:8      | Learned a level 2 spell: Searing Ray
 13132 | D:8      | Learned a level 4 spell: Fulminant Prism
 13138 | D:8      | Learned a level 5 spell: Lightning Bolt
 13143 | D:8      | Learned a level 4 spell: Force Lance
 13179 | D:7      | HP: 2/45 [poisoned by a kobold]
 13672 | D:7      | Reached skill level 10 in Spellcasting
 13823 | D:8      | Noticed Prince Ribbit
 13961 | D:8      | Killed Prince Ribbit
 14229 | D:8      | Reached ** piety under Sif Muna
 14307 | D:8      | Found a glowing silver altar of Zin.
 14462 | D:9      | Reached XP level 10. HP: 50/50 MP: 2/25
 14509 | D:9      | Noticed Joseph
 14663 | D:9      | Noticed Erica
 14753 | D:9      | Killed Erica
 14753 | D:9      | Reached skill level 11 in Spellcasting
 15023 | D:9      | Noticed a two-headed ogre
 15030 | D:9      | Killed a two-headed ogre
 15030 | D:9      | Reached skill level 12 in Spellcasting
 15166 | D:9      | Found a staircase to the Lair.
 15239 | D:9      | Reached *** piety under Sif Muna
 15239 | D:9      | Reached skill level 1 in Summonings
 15239 | D:9      | Reached skill level 1 in Poison Magic
 15263 | D:9      | Reached skill level 1 in Hexes
 15263 | D:9      | Reached skill level 1 in Translocations
 15773 | Lair:1   | Entered Level 1 of the Lair of Beasts
 16101 | Lair:1   | Reached skill level 1 in Shields
 16503 | Lair:1   | HP: 2/50 [poisoned by a water moccasin]
 16562 | Lair:1   | Noticed a spiny frog
 16698 | Lair:1   | Killed a spiny frog
 16698 | Lair:1   | Reached XP level 11. HP: 38/54 MP: 11/28
 17049 | Lair:1   | Reached skill level 5 in Shields
 17135 | Lair:1   | Noticed Nergalle
 17634 | Lair:1   | Slain by a yak

Vault maps used:
D:1:      dpeg_arrival_castle
D:2:      dk_xom_monty_hall, uniq_natasha, uniq_terence
D:3:      first_bread
D:4:      minivault_14
D:5:      nicolae_overflow_hidden_temple
D:6:      temple_hall, enter_ossuary_1, grunt_ministairs_8
D:7:      lemuel_crystal_altar, serial_shops, shop
D:8:      kennysheep_little_box, uniq_prince_ribbit1
D:9:      nicolae_overflow_crystal_walls, dpeg_oklobed_lair, uniq_joseph,
          uniq_erica
Temple:   regret_index_temple_waves
Lair:1:   grunt_megastairs_1, uniq_nergalle

Skill      XL: |  1  2  3  4  5  6  7  8  9 10 11 |
---------------+----------------------------------+-----
Conjurations   | 2 3 |  3.0
Dodging        | 3 6 |  6.7
Spellcasting   | 3 4 5 8 10 12 | 12.1
Air Magic      | 5 6 |  6.0
Stealth        | 3 4 |  4.0
Summonings     | 1 |  1.0
Poison Magic   | 1 |  1.0
Hexes          | 1 |  1.1
Translocations | 2 |  2.3
Shields        | 4 5 |  5.3

Action                   |  1- 3 |  4- 6 |  7- 9 | 10-12 || total
-------------------------+-------+-------+-------+-------++-------
Melee: Unarmed           |     4 |       |       |       ||     4
       Short sword       |    26 |    40 |    12 |       ||    78
       Kick              |     7 |     9 |    49 |    17 ||    82
       Peck              |     6 |     3 |    27 |    12 ||    48
       Whip              |       |       |    12 |       ||    12
       Dagger            |       |       |   116 |    60 ||   176
Throw: Tomahawk          |       |       |     1 |       ||     1
 Cast: Shock             |    48 |    95 |    20 |     1 ||   164
       Mephitic Cloud    |       |     1 |       |     3 ||     4
       Airstrike         |       |    30 |   165 |    76 ||   271
       Fulminant Prism   |       |       |     1 |       ||     1
       Searing Ray       |       |       |     1 |       ||     1
  Use: Scroll            |     6 |     5 |     8 |     3 ||    22
       Potion            |       |       |     1 |    10 ||    11
 Stab: Sleeping          |     2 |     4 |     3 |     2 ||    11
       Confused          |       |     1 |       |       ||     1
  Eat: Chunk             |     3 |    14 |    31 |     6 ||    54
       Meat ration       |       |     1 |     1 |     1 ||     3
       Bread ration      |       |       |     1 |       ||     1
       Royal jelly       |       |       |     1 |       ||     1
       Fruit             |       |       |     4 |     2 ||     6
Armor: Robe              |     6 |     3 |    16 |    13 ||    38
Dodge: Dodged            |    41 |    56 |   145 |    83 ||   325
Block: Buckler           |       |       |       |    11 ||    11
